 Dungeon Crawl Stone Soup version 0.28.0-45-g0d030f2227 (webtiles) character file.

Game seed: 11986361401165741503

86 DearestLeader the Shield-Bearer (level 4, -7/41 HPs)
             Began as a Gnoll Fighter on Apr 21, 2022.
             Mangled by a wyvern zombie (12 damage)
             ... on level 3 of the Dungeon.
             The game lasted 00:02:16 (2009 turns).

DearestLeader the Shield-Bearer (Gnoll Fighter)     Turns: 2009, Time: 00:02:16

Health: -7/41      AC:  9    Str: 17    XL:     4   Next: 49%
Magic:  5/5        EV:  9    Int: 14    God:
Gold:   158        SH:  5    Dex: 11    Spells: 5/5 levels left

rFire   . . .      SeeInvis .   a - +0 war axe
rCold   . . .      Faith    .   c - +0 buckler
rNeg    . . .      Spirit   .   b - +0 scale mail
rPois   +          Reflect  .   (no helmet)
rElec   .          Harm     .   (no cloak)
rCorr   .          Rampage  .   (no gloves)
Will    .....                   i - +0 pair of boots
Stlth   ..........              (no amulet)
HPRegen 0.13/turn               e - ring of poison resistance
MPRegen 0.09/turn               k - +6 ring of intelligence

@: mighty, studying Throwing
A: fangs 1, strong nose, distributed training
a: no special abilities


You were on level 3 of the Dungeon.
You visited 1 branch of the dungeon, and saw 3 of its levels.

You collected 158 gold pieces.

Inventory:

Hand Weapons
 a - a +0 war axe (weapon)
 h - a +0 dagger of flaming
Armour
 b - a +0 scale mail (worn)
 c - a +0 buckler (worn)
 i - a +0 pair of boots (worn)
Jewellery
 e - a ring of poison resistance (left hand)
 k - a +6 ring of intelligence (right hand)
Scrolls
 f - a scroll of amnesia {unknown}
 g - 2 scrolls of enchant armour {unknown}
Potions
 j - a potion of lignification {unknown}
 l - a potion of berserk rage {unknown}


   Skills:
 + Level 6.6 Fighting
 + Level 1.1 Short Blades
 + Level 1.1 Long Blades
 + Level 4.6 Axes
 + Level 1.1 Maces & Flails
 + Level 1.1 Polearms
 + Level 1.1 Staves
 + Level 1.1 Slings
 + Level 1.1 Bows
 + Level 1.1 Crossbows
 + Level 1.3 Throwing
 + Level 6.6 Armour
 + Level 1.1 Dodging
 + Level 1.1 Stealth
 + Level 6.6 Shields
 + Level 1.1 Unarmed Combat
 + Level 1.1 Spellcasting
 + Level 0.9 Conjurations
 + Level 0.9 Hexes
 + Level 0.9 Summonings
 + Level 0.9 Necromancy
 + Level 0.9 Translocations
 + Level 0.9 Transmutations
 + Level 0.9 Fire Magic
 + Level 0.9 Ice Magic
 + Level 0.9 Air Magic
 + Level 0.9 Earth Magic
 + Level 0.9 Poison Magic
 + Level 1.2 Invocations
 + Level 1.1 Evocations


You had 5 spell levels left.
You didn't know any spells.
Your spell library was empty.

Dungeon Overview and Level Annotations

Branches:
Dungeon (3/15)

Altars:


Innate Abilities, Weirdness & Mutations

You have very sharp teeth.
Your uncanny sense of smell can sniff out nearby items.
Your experience applies equally to all skills.


Message History

You slash the bullfrog skeleton! The bullfrog skeleton hits you.
The wyvern zombie bites you. The bullfrog skeleton hits you.
The wyvern zombie bites you!
You barely miss the bullfrog skeleton.
The bullfrog skeleton is heavily damaged.
You hit the wyvern zombie.
The bullfrog skeleton closely misses you.
The wyvern zombie bites you.
You are too injured to fight recklessly!
Unknown command.
You are too injured to fight recklessly!
You are too injured to fight recklessly!
Unknown command.
You slash the wyvern zombie!
The wyvern zombie is severely damaged.
You hit the bullfrog skeleton.
You block the bullfrog skeleton's attack.
The wyvern zombie bites you!
* * * LOW HITPOINT WARNING * * *
The bullfrog skeleton closely misses you.
The wyvern zombie bites you but does no damage.
You feel very mighty all of a sudden.
You block the bullfrog skeleton's attack.
You block the wyvern zombie's attack.
A jackal comes into view.
The bullfrog skeleton hits you but does no damage.
The jackal barks!
You hit the wyvern zombie. Your bite misses the wyvern zombie.
The wyvern zombie is severely damaged.
You slash the bullfrog skeleton!
You hear a bark!
You hear a shout!
The wyvern zombie barely misses you.
The bullfrog skeleton barely misses you.
The wyvern zombie bites you.
* * * LOW HITPOINT WARNING * * *
A jackal comes into view.
You slash the wyvern zombie! Your bite misses the wyvern zombie.
The wyvern zombie is almost destroyed.
You hit the bullfrog skeleton. The wyvern zombie bites you!
You die...

.....
#.......####
#..........#
#..........####
#.............#
#.............#
#.............#
#.............#
.....#.....####
.....###..@#
... #..ZZ......
.............
...............
...............
............h..
..............h
............###


You could see a wyvern zombie, 2 jackals and a bullfrog skeleton.

Vanquished Creatures
  Terence (D:3)
  3 dart slugs
  An orc (D:3)
  5 ball pythons
  4 bats
  4 endoplasms (D:2)
  4 giant cockroaches
  3 goblins (D:1)
  6 hobgoblins
  3 jackals (D:1)
  2 quokkas (D:1)
  5 kobolds
  4 rats
45 creatures vanquished.

Notes
Turn   | Place    | Note
-------+----------+-------------------------------------------
     0 | D:1      | DearestLeader the Gnoll Fighter began the quest for the
                  | Orb.
     0 | D:1      | Reached XP level 1. HP: 23/23 MP: 1/1
   128 | D:1      | Reached XP level 2. HP: 26/29 MP: 2/2
   418 | D:1      | Reached XP level 3. HP: 33/35 MP: 3/3
   997 | D:2      | Reached skill level 1 in Invocations
  1495 | D:2      | Found a faded altar of an unknown god.
  1495 | D:2      | Noticed a rust devil
  1602 | D:2      | Reached skill level 1 in Short Blades
  1602 | D:2      | Reached skill level 1 in Long Blades
  1602 | D:2      | Reached skill level 1 in Maces & Flails
  1602 | D:2      | Reached skill level 1 in Polearms
  1602 | D:2      | Reached skill level 1 in Staves
  1602 | D:2      | Reached skill level 1 in Slings
  1602 | D:2      | Reached skill level 1 in Bows
  1602 | D:2      | Reached skill level 1 in Crossbows
  1602 | D:2      | Reached skill level 1 in Throwing
  1602 | D:2      | Reached skill level 1 in Dodging
  1602 | D:2      | Reached skill level 1 in Stealth
  1602 | D:2      | Reached skill level 1 in Unarmed Combat
  1602 | D:2      | Reached skill level 1 in Spellcasting
  1602 | D:2      | Reached skill level 1 in Evocations
  1839 | D:3      | Noticed Terence
  1847 | D:3      | Killed Terence
  1848 | D:3      | Reached XP level 4. HP: 39/41 MP: 5/5
  2009 | D:3      | Mangled by a wyvern zombie

Illustrated notes

Levels and vault maps discovered:
D:1:      amcnicky_arrival_flooded_fountain, layout_rooms,
          minmay_misc_feat_room, minivault_24, st_stairs_3
D:2:      layout_basic, dreamdust_ecumenical_altar_sealed_demon
D:3:      layout_basic, uniq_terence

Skill      XL: |  1  2  3 |
---------------+----------+-----
Invocations    | 1 |  1.2
Short Blades   | 1 |  1.1
Long Blades    | 1 |  1.1
Maces & Flails | 1 |  1.1
Polearms       | 1 |  1.1
Staves         | 1 |  1.1
Slings         | 1 |  1.1
Bows           | 1 |  1.1
Crossbows      | 1 |  1.1
Throwing       | 1 |  1.3
Dodging        | 1 |  1.1
Stealth        | 1 |  1.1
Unarmed Combat | 1 |  1.1
Spellcasting   | 1 |  1.1
Evocations     | 1 |  1.1
Fighting       | |  6.6
Axes           | |  4.6
Armour         | |  6.6
Shields        | |  6.6
Conjurations   | |  0.9
Hexes          | |  0.9
Summonings     | |  0.9
Necromancy     | |  0.9
Translocations | |  0.9
Transmutations | |  0.9
Fire Magic     | |  0.9
Ice Magic      | |  0.9
Air Magic      | |  0.9
Earth Magic    | |  0.9
Poison Magic   | |  0.9

Action                   |  1- 3 |  4- 6 || total
-------------------------+-------+-------++-------
Melee: War axe           |   122 |    17 ||   139
       Bite              |     9 |     1 ||    10
  Use: Potion            |       |     1 ||     1
Armor: Scale mail        |    55 |     8 ||    63
Dodge: Dodged            |    44 |    11 ||    55
Block: Buckler           |    43 |     5 ||    48
